 Dungeon Crawl Stone Soup version 0.23.2-1-ga50397a6bc (webtiles) character file.

Game seed: 17646859459079271801

454 Mrkan the Spear-Bearer (level 7, -10/54 HPs)
             Began as a Merfolk Gladiator on May 17, 2019.
             Was a Follower of Makhleb.
             Mangled by a gnoll sergeant
             ... wielding a +6 trident of venom
              (13 damage)
             ... on level 5 of the Dungeon.
             The game lasted 00:10:50 (3443 turns).

Mrkan the Spear-Bearer (Merfolk Gladiator)          Turns: 3443, Time: 00:10:50

Health: -10/54     AC: 10    Str: 14    XL:     7   Next: 5%
Magic:  8/8        EV: 20    Int:  8    God:    Makhleb [*.....]
Gold:   193        SH:  0    Dex: 22    Spells: 6/6 levels left

rFire    . . .     SeeInvis .   a - +0 trident
rCold    . . .     Gourm    .   (no shield)
rNeg     . . .     Faith    .   A - +0 ring mail
rPois    .         Spirit   .   c - +0 helmet
rElec    .         Reflect  .   t - +0 cloak
rCorr    .         Harm     .   x - +2 pair of gloves
MR       .....                  (no boots)
Stlth    ++........             (no amulet)
HPRegen  0.18/turn              p - ring of flight
MPRegen  0.11/turn              (no ring)

@: agile, lethally poisoned (-10 -> -28)
A: change form in water, swift swim, stealthy swim
a: Renounce Religion, Evoke Flight


You were on level 5 of the Dungeon.
You worshipped Makhleb.
Makhleb was aware of your devotion.
You were near starving.

You visited 1 branch of the dungeon, and saw 5 of its levels.

You collected 193 gold pieces.

Inventory:

Hand Weapons
 a - a +0 trident (weapon)
Missiles
 d - 3 throwing nets (quivered)
Armour
 c - a +0 helmet (worn)
 n - a +2 robe of the Archmagi
 t - a +0 cloak (worn)
 x - a +2 pair of gloves (worn)
 A - a +0 ring mail (worn)
Jewellery
 p - a ring of flight (left hand)
Scrolls
 b - a scroll of fog {unknown}
 e - 2 scrolls of identify
 i - a scroll of random uselessness {unknown}
 j - 4 scrolls of teleportation
 m - a scroll of immolation {unknown}
 o - 4 scrolls of remove curse
 s - a scroll of amnesia {unknown}
 v - a scroll of magic mapping {unknown}
 y - a scroll of noise {unknown}
Potions
 g - 2 potions of brilliance
 h - 3 potions of flight
Comestibles
 f - 5 rations


   Skills:
 + Level 4.1 Fighting
 * Level 8.1 Polearms
 - Level 2.0 Throwing
 + Level 5.8 Dodging
 + Level 2.3 Invocations


You had 6 spell levels left.
You didn't know any spells.
Your spell library contained the following spells:

 Spells                   Type           Power        Failure   Level  Hunger
 Leda's Liquefaction      Hex/Erth       #.........   100%        4    #####..
 Bolt of Magma            Conj/Fire/Erth #.........   100%        5    ######.
 Iron Shot                Conj/Erth      #.........   100%        6    #######
 Statue Form              Tmut/Erth      #........    100%        6    #######
 Shatter                  Erth           #.........   100%        9    #######


Dungeon Overview and Level Annotations

Branches:
Dungeon (5/15)
 Temple: D:4-7

Altars:
Dithmenos
Elyvilon
Makhleb
Qazlal
Sif Muna
Vehumet
The Shining One

Shops:
D:4 }

Annotations:
D:4 Sigmund


Message History

You feel sick.
The gnoll hits you from afar with a +0 spear.
The gnoll moves out of view.
The gnoll sergeant blocks your attack.
The gnoll sergeant is heavily wounded.
You feel sick.
The gnoll shouts!
The gnoll sergeant misses you.
You hit the gnoll sergeant but do no damage.
The gnoll sergeant is heavily wounded.
You feel sick. The gnoll hits you but does no damage.
You feel sick. The gnoll misses you. The gnoll hits you with a +0 spear.
The gnoll sergeant hits you with a +6 trident of venom!
* * * LOW HITPOINT WARNING * * *
You are more poisoned.
Found a scroll of identify.
* * * LOW HITPOINT WARNING * * *
You feel sick. The gnoll closely misses you.
The gnoll sergeant hits you with a +6 trident of venom!
You die...

## ####### ####
..
#.....#####...#
.#
#.#<.....@gg..#
.#
#.#......g#g###
.#
#...#.###.#.g.
.####.####...#
#.#...# ......#
#.### #.#...#
..########.#
#.#...#
..##.......#
#.#....
####.#######
#.#..?## ...#.#


You could see a gnoll sergeant and 4 gnolls.

Vanquished Creatures
  A bullfrog (D:2)
  A scorpion (D:4)
  Jessica (D:2)
  A centaur skeleton (D:5)
  Natasha (twice) (D:2)
  2 worker ants (D:4)
  Robin (D:4)
  A gnoll (D:5)
  8 adders
  An adder zombie (D:3)
  2 dart slugs
  3 leopard geckos
  3 orcs (D:3)
  3 ball pythons
  A giant cockroach (D:2)
  14 goblins
  13 hobgoblins
  9 jackals
  4 bats
  9 frilled lizards
  8 kobolds
  9 rats
97 creatures vanquished.

Notes
Turn   | Place    | Note
-------+----------+-------------------------------------------
     0 | D:1      | Mrkan the Merfolk Gladiator began the quest for the Orb.
     0 | D:1      | Reached XP level 1. HP: 16/16 MP: 1/1
    81 | D:1      | Reached XP level 2. HP: 21/23 MP: 2/2
   175 | D:1      | Reached skill level 5 in Polearms
   415 | D:1      | Reached XP level 3. HP: 25/28 MP: 3/3
   906 | D:2      | Found a stormy altar of Qazlal.
  1020 | D:2      | Noticed Jessica
  1036 | D:2      | Killed Jessica
  1036 | D:2      | Reached skill level 6 in Polearms
  1036 | D:2      | Reached XP level 4. HP: 3/35 MP: 4/4
  1104 | D:2      | Found a shadowy altar of Dithmenos.
  1318 | D:2      | Noticed Natasha
  1328 | D:2      | Killed Natasha
  1435 | D:2      | Found a burning altar of Makhleb.
  1484 | D:2      | Reached skill level 5 in Dodging
  1836 | D:2      | Became a worshipper of Makhleb the Destroyer
  1859 | D:2      | Noticed Natasha
  1869 | D:2      | Killed Natasha
  1869 | D:2      | Reached XP level 5. HP: 28/41 MP: 5/5
  1932 | D:2      | Reached skill level 7 in Polearms
  1932 | D:2      | Reached skill level 1 in Invocations
  2188 | D:2      | Reached XP level 6. HP: 35/47 MP: 6/6
  2401 | D:3      | Found a radiant altar of Vehumet.
  2401 | D:3      | Found a deep blue altar of Sif Muna.
  2461 | D:3      | Noticed Robin
  2481 | D:4      | Reached * piety under Makhleb
  2560 | D:4      | Killed Robin
  2668 | D:3      | Found a glowing golden altar of the Shining One.
  2963 | D:4      | Found a white marble altar of Elyvilon.
  3050 | D:4      | Reached skill level 8 in Polearms
  3087 | D:4      | Found Zikh's Gadget Boutique.
  3218 | D:4      | Noticed Sigmund
  3292 | D:5      | Entered Level 5 of the Dungeon
  3396 | D:5      | Reached XP level 7. HP: 31/54 MP: 8/8
  3443 | D:5      | Mangled by a gnoll sergeant

Skill      XL: |  1  2  3  4  5  6 |
---------------+-------------------+-----
Polearms       | 5 6 7 8 |  8.1
Fighting       | 3 4 |  4.1
Dodging        | 5 |  5.8
Invocations    | 1 2 |  2.3
Throwing       | |  2.0

Action                   |  1- 3 |  4- 6 |  7- 9 || total
-------------------------+-------+-------+-------++-------
Melee: Trident           |   109 |   254 |    15 ||   378
  Use: Potion            |       |     7 |       ||     7
       Scroll            |       |     6 |       ||     6
 Stab: Sleeping          |     3 |     2 |       ||     5
  Eat: Chunk             |       |     7 |       ||     7
Armor: Leather armour    |    24 |    45 |       ||    69
       Skin              |       |     3 |       ||     3
       Ring mail         |       |     2 |     3 ||     5
Dodge: Dodged            |    67 |   218 |    12 ||   297
